 Dungeon Crawl Stone Soup version 0.29-a0-837-g174bc33265 (webtiles) character file.

Game seed: 2571081513371326239

5903 Gargoyl the Spear-Bearer (level 10, -6/64 HPs)
             Began as a Gargoyle Berserker on July 13, 2022.
             Was a Priest of Trog.
             Mangled by an apocalypse crab (15 damage)
             ... on level 2 of the Abyss.
             The game lasted 00:11:45 (8515 turns).

Gargoyl the Spear-Bearer (Gargoyle Berserker)       Turns: 8515, Time: 00:11:46

Health: -6/64      AC: 25    Str: 21    XL:     10   Next: 82%
Magic:  10/10      EV:  9    Int:  6    God:    Trog [***...]
Gold:   474        SH:  0    Dex: 13    Spells: 9/9 levels left

rFire   . . .      SeeInvis .   i - +1 scythe (distort)
rCold   . . .      Faith    .   (shield currently unavailable)
rNeg    + . .      Spirit   .   s - +0 chain mail
rPois   ∞          Reflect  .   v - +2 helmet
rElec   +          Harm     .   g - +1 cloak
rCorr   .          Rampage  .   (no gloves)
Will    .....                   n - +0 pair of boots
Stlth   ..........              j - amulet of the acrobat
HPRegen 0.20/turn               (no ring)
MPRegen 0.12/turn               (no ring)

@: confused, mighty, about to teleport, ambrosia-drunk, flying
A: sickness immunity, AC +7, negative energy resistance 1, electricity
resistance, torment resistance 1, petrification resistance, big wings, talons 1,
dopey 1, sense surroundings 1
a: Renounce Religion, Berserk, Trog's Hand


You were on level 2 of the Abyss.
You worshipped Trog.
Trog was most pleased with you.
You visited 2 branches of the dungeon, and saw 9 of its levels.
You visited the Abyss 1 time.

You collected 474 gold pieces.

Inventory:

Hand Weapons
 a - a +1 flail of protection
 i - a +1 scythe of distortion (weapon)
 r - a +0 war axe
Missiles
 u - 11 poisoned darts (quivered)
Armour
 g - a +1 cloak (worn)
 n - a +0 pair of boots (worn)
 s - a +0 chain mail (worn)
 v - a +2 helmet (worn)
Jewellery
 j - an amulet of the acrobat (around neck)
Wands
 d - a wand of digging (6)
 o - a wand of roots (3)
 q - a wand of charming (6)
Scrolls
 k - a scroll of teleportation
 t - 3 scrolls of fog
Potions
 c - a potion of attraction {unknown}
 f - 2 potions of magic
 h - 2 potions of lignification
 p - a potion of invisibility {unknown}
 w - a potion of resistance {unknown}


   Skills:
 + Level 8.2 Fighting
 + Level 6.5(8.7) Axes
 + Level 9.0(9.9) Polearms
 + Level 7.7 Armour
 + Level 4.2 Dodging
 + Level 1.4 Stealth


You had 9 spell levels left.
You didn't know any spells.
Your spell library was empty.

Dungeon Overview and Level Annotations

Branches:
Dungeon (8/15)             Temple (0/1) D:5            Lair (1/6) D:8

Altars:
Elyvilon
Ru
Uskayaw
Yredelemnul
Zin

Shops:
D:1 :

Annotations:
D:5 1 runed translucent door
Abyss:1 Duvessa


Innate Abilities, Weirdness & Mutations

You are immune to sickness and miasma.
Your stone body is resilient. (AC +7)
You are immune to poison.
You resist negative energy. (rN+)
You are resistant to electric shocks. (rElec)
You are resistant to unholy torment.
You are immune to petrification.
Your large and strong wings let you fly.
You have sharp toenails.
You are dopey. (Int -2)
You passively map a small area around you.


Message History

You feel the power of the Abyss delaying your translocation!
The raiju bursts into living lightning!
The living lightning hits the raiju.
The raiju completely resists.
The living lightning misses you.
The raiju blinks! x2
The raiju bursts into living lightning!
The living lightning hits you. You resist.
The raiju blinks!
You puncture the raiju!
Space warps around the raiju.
The raiju is heavily wounded.
A large abomination comes into view.
The raiju bites you but does no damage.
You impale the raiju!!
You kill the raiju!
Trog accepts your kill.
Your Polearms skill increases to level 9!
You barely miss the apocalypse crab.
The apocalypse crab bites you but does no damage.
The apocalypse crab claws you but does no damage.
You slash the apocalypse crab!
Space warps horribly around the apocalypse crab!
The apocalypse crab is heavily wounded.
The apocalypse crab barely misses you. The apocalypse crab claws you!
The apocalypse crab freezes you!
* * * LOW HITPOINT WARNING * * *
Unknown command.
You are confused.
You feel invigorated.
The apocalypse crab bites you but does no damage.
The apocalypse crab claws you.
* * * LOW HITPOINT WARNING * * *
The apocalypse crab shocks you. You resist.
* * * LOW HITPOINT WARNING * * *
You closely miss the apocalypse crab.
The apocalypse crab is heavily wounded.
The apocalypse crab bites you but does no damage.
The apocalypse crab claws you but does no damage.
You bump into the stone wall.
The apocalypse crab barely misses you. The apocalypse crab claws you!
* * * LOW HITPOINT WARNING * * *
You are engulfed in flames!
You die...

..##. #.. .#.
.#.##.#### # #
..#......t.##.
#...X.#..##..
.....h#.######
#...ht§##.#
#.##.##@#### #
### #. #


You could see an apocalypse crab, a large abomination and 2 raiju.

Vanquished Creatures
  A large abomination (Abyss:2)
  A rime drake (Lair:1)
  Grinder (D:4)
  2 raiju (Abyss:2)
  Sigmund (D:4)
  A wyvern (D:7)
  A basilisk (Lair:1)
  2 water moccasins (Lair:1)
  3 black bears
  An ice beast (D:5)
  2 sky beasts (D:7)
  3 ogres
  3 wolves
  4 centaurs
  A phantom (D:6)
  2 kobold brigands (D:8)
  2 necrophages
  A gnoll sergeant (D:6)
  2 scorpions
  4 bullfrogs
  Dowan (D:4)
  5 howler monkeys
  2 electric eels (D:6)
  2 jellies
  5 hounds
  6 orc priests
  Ijyb (D:3)
  Natasha (thrice) (D:4)
  6 iguanas
  6 orc wizards
  Robin (D:2)
  4 gnolls (D:6)
  10 adders
  2 shadow imps
  2 white imps
  A dart slug (D:1)
  21 orcs
  10 endoplasms
  2 giant cockroaches
  15 goblins
  13 hobgoblins
  7 quokkas
  4 ball pythons
  7 bats
  5 frilled lizards
  A jackal zombie (D:5)
  8 kobolds
  3 rats
191 creatures vanquished.

Vanquished Creatures (others)
  3 fungi (Lair:1)
  17 plants
  5 toadstools (D:1)
25 creatures vanquished.

Grand Total: 216 creatures vanquished

Notes
Turn   | Place    | Note
-------+----------+-------------------------------------------
     0 | D:1      | Gargoyl the Gargoyle Berserker began the quest for the Orb.
     0 | D:1      | Reached XP level 1. HP: 14/14 MP: 1/1
   238 | D:1      | Reached XP level 2. HP: 13/19 MP: 2/2
   463 | D:1      | You fall into a shaft and drop 1 floor!
   978 | D:2      | Noticed Robin
   982 | D:2      | Reached XP level 3. HP: 14/24 MP: 3/3
   984 | D:2      | Gained mutation: You have sharp toenails. [potion of
                  | mutation]
   984 | D:2      | Gained mutation: You are dopey. (Int -2) [potion of
                  | mutation]
   984 | D:2      | Gained mutation: Your large and strong wings let you fly.
                  | [potion of mutation]
   984 | D:2      | Gained mutation: You passively map a small area around you.
                  | [potion of mutation]
   997 | D:2      | Killed Robin
  1542 | D:1      | Found Yzxod's Book Shoppe.
  1942 | D:2      | Reached XP level 4. HP: 29/29 MP: 4/4
  2040 | D:2      | Found a faded altar of an unknown god.
  2074 | D:2      | Reached ** piety under Trog
  2623 | D:3      | Noticed Ijyb
  2651 | D:3      | Killed Ijyb
  2860 | D:3      | Reached XP level 5. HP: 34/34 MP: 5/5
  3035 | D:3      | Found a hide-covered altar of Uskayaw.
  3327 | D:4      | Reached XP level 6. HP: 25/39 MP: 6/6
  3633 | D:4      | Noticed Grinder
  3666 | D:4      | Killed Grinder
  3667 | D:4      | Reached skill level 5 in Fighting
  3667 | D:4      | Reached skill level 5 in Axes
  3667 | D:4      | Reached XP level 7. HP: 44/44 MP: 7/7
  3710 | D:4      | Noticed Sigmund
  3723 | D:4      | Killed Sigmund
  3724 | D:4      | Reached skill level 1 in Stealth
  3968 | D:4      | Reached XP level 8. HP: 44/50 MP: 8/8
  4057 | D:4      | Noticed Natasha
  4059 | D:4      | Noticed Dowan
  4061 | D:4      | Noticed Duvessa
  4064 | D:4      | Killed Natasha
  4067 | D:4      | Banished Duvessa
  4068 | D:4      | Reached skill level 1 in Polearms
  4073 | D:4      | Killed Dowan
  4236 | D:4      | Found a white marble altar of Elyvilon.
  4354 | D:4      | Noticed Natasha
  4362 | D:4      | Killed Natasha
  4434 | D:4      | Noticed Natasha
  4440 | D:4      | Killed Natasha
  4565 | D:5      | Entered Level 5 of the Dungeon
  4575 | D:5      | Found a staircase to the Ecumenical Temple.
  4581 | D:5      | Reached skill level 2 in Polearms
  4726 | D:5      | Reached skill level 5 in Armour
  4922 | D:5      | Reached skill level 3 in Polearms
  5271 | D:5      | Reached skill level 4 in Polearms
  5465 | D:5      | Found a runed translucent door.
  5470 | D:5      | Found a basalt altar of Yredelemnul.
  5546 | D:5      | Reached XP level 9. HP: 51/55 MP: 9/9
  5686 | D:5      | Reached skill level 5 in Polearms
  6389 | D:7      | Reached skill level 6 in Polearms
  6397 | D:7      | Reached *** piety under Trog
  6475 | D:7      | Found a sacrificial altar of Ru.
  6951 | D:8      | Reached skill level 7 in Polearms
  7105 | D:8      | Found a glowing silver altar of Zin.
  7109 | D:8      | Reached XP level 10. HP: 54/61 MP: 10/10
  7497 | D:8      | Found a staircase to the Lair.
  7608 | Lair:1   | Entered Level 1 of the Lair of Beasts
  7678 | Lair:1   | Reached skill level 8 in Polearms
  8301 | Abyss:2  | Cast into level 2 of the Abyss (unwielding a weapon of
                  | distortion)
  8327 | Abyss:2  | Noticed a large abomination
  8362 | Abyss:2  | Found a shimmering altar of Xom.
  8488 | Abyss:2  | Noticed an apocalypse crab
  8490 | Abyss:2  | Noticed a large abomination
  8506 | Abyss:2  | Killed a large abomination
  8511 | Abyss:2  | Reached skill level 9 in Polearms
  8515 | Abyss:2  | Mangled by an apocalypse crab

Illustrated notes

Levels and vault maps discovered:
D:1:      ldierk_walled_garden, layout_loops_corners, serial_shops, shop
D:2:      layout_basic, serial_glass, glass_columns_a, glass_columns_c,
          dilly_ecumenical_altar_fadedgnrine, uniq_robin
D:3:      layout_rooms, nicolae_uskayaw_suspiria, uniq_ijyb
D:4:      layout_basic, mainiacjoe_overflow_boulevard,
          minmay_misc_feat_more_columns, uniq_natasha, uniq_grinder,
          uniq_duvessa, uniq_sigmund
D:5:      cheibrodos_barr_body, layout_cave_pods, dk_yredelemnul_ordeal,
          minmay_temple_entry_trees
D:6:      layout_cave_pools, serial_bayou, serial_bayou_pond_b,
          serial_bayou_pond_d, serial_bayou_pond_d, serial_bayou_shore_a,
          dreamdust_princess_corridor
D:7:      layout_rooms, hangedman_ru_absence
D:8:      layout_cave_pools, zin_academy, lair_entry_dummy
Lair:1:   layout_cave_pods, infiniplex_staircase_pool, grunt_megastairs_3
Abyss:2:  base: D:2, evilmike_abyss_exit_15, hangedman_shadowy_showcase

Skill      XL: |  1  2  3  4  5  6  7  8  9 10 |
---------------+-------------------------------+-----
Axes           | 3 4 5 6 |  6.5
Fighting       | 4 5 6 8 |  8.2
Dodging        | 2 3 4 |  4.2
Armour         | 3 4 5 6 7 |  7.7
Stealth        | 1 |  1.4
Polearms       | 4 7 9 |  9.0

Action                   |  1- 3 |  4- 6 |  7- 9 | 10-12 || total
-------------------------+-------+-------+-------+-------++-------
Melee: Hand axe          |    84 |   160 |     4 |       ||   248
       Punch             |     1 |     1 |       |       ||     2
       Kick              |     5 |    39 |     7 |       ||    51
       Halberd           |       |       |   208 |   149 ||   357
Invok: Berserk           |     1 |     2 |     4 |       ||     7
       Trog's Hand       |       |     4 |     2 |     4 ||    10
  Use: Potion            |     2 |       |       |     7 ||     9
       Scroll            |     1 |     4 |    12 |     8 ||    25
Armor: Ring mail         |    63 |    89 |    81 |       ||   233
       Chain mail        |       |       |    95 |   174 ||   269
Dodge: Dodged            |    71 |    83 |   218 |   177 ||   549

Table legend: (Time is in decaauts)
 A = Elapsed time spent in this place.
 B = Non-inter-level travel time spent in this place.
 C = Inter-level travel time spent in this place.
 D = Time resting spent in this place.
 E = Time spent auto-exploring this place.
 F = Levels seen in this place.
 G = Mean time per level.
                   A        B        C        D        E       F      G
               +--------+--------+--------+--------+--------+-----+--------+
         Total |   8664 |   8446 |    218 |     17 |   6664 |  10 |  866.4 |
       Dungeon |   7755 |   7538 |    217 |     17 |   5989 |   8 |  969.4 |
          Lair |    696 |    696 |      0 |      0 |    530 |   1 |  696.0 |
         Abyss |    213 |    213 |      0 |      0 |    145 |   1 |  213.0 |
               +--------+--------+--------+--------+--------+-----+--------+

Top non-repeatable levels by time:
     D:2: 1641 daAuts
     D:4: 1385 daAuts
     D:5: 1258 daAuts
     D:1: 938 daAuts
  Lair:1: 696 daAuts
     D:3: 689 daAuts
     D:8: 635 daAuts
     D:6: 604 daAuts
     D:7: 603 daAuts
 Abyss:2: 213 daAuts
